Match 47057874
Unlisted

Match 47057874
End
Scout Squad
Construct Weapon Support Center
M1919 Machine Gun Team
Scout Squad
Engineer Squad
M1919 Machine Gun Team
Engineer Squad
Bazooka Squad
Selects Advanced Infantry Battlegroup
Selects Artillery Observers
Construct Medical Station
Infantry Support Center
M3 Armored Personnel Carrier
Selects Convert to Ranger Squad
Advanced Logistics
Selects Designate Assault Position
Artillery Observer Squad
M1919 Machine Gun Team
M3 Armored Personnel Carrier
Improved M9 Bazooka Rockets
Selects Infantry Assault
Infantry Assault
Bazooka Squad
Construct Tank Depot
Selects M2A1 105mm Howitzer Emplacement
Infantry Assault
Bazooka Squad
Infantry Assault
M4A1 Sherman Medium Tank
Infantry Assault
M4A1 Sherman Medium Tank
Rei
FeriG
0
0

Comments sign in to comment!

No comments posted yet!